 Dungeon Crawl Stone Soup version 0.29.1-1-gd02db69 (webtiles) character file.

Game seed: 284083503106471351

13798 samcosmo the Covert (level 12, 0/75 HPs)
             Began as a Kobold Enchanter on Mar 29, 2023.
             Was a Believer of Dithmenos.
             Slain by a skeletal warrior
             ... wielding a +0 scimitar
              (19 damage)
             ... on level 12 of the Dungeon.
             The game lasted 00:59:17 (12048 turns).

samcosmo the Covert (Kobold Enchanter)             Turns: 12048, Time: 00:59:20

Health: 0/75       AC:  8    Str:  7    XL:     12   Next: 37%
Magic:  12/15      EV: 22    Int: 16    God:    Dithmenos [**....]
Gold:   384        SH:  0    Dex: 19    Spells: 4/15 levels left

rFire   + . .      SeeInvis +   t - +3 dagger (venom)
rCold   . . .      Faith    .   (no shield)
rNeg    . . .      Spirit   .   p - +2 robe {rF+}
rPois   +          Reflect  .   e - +1 hat
rElec   .          Harm     .   F - +2 cloak {rPois}
rCorr   .          Rampage  .   (no gloves)
Will    +....                   (no boots)
Stlth   ++++++++..              k - amulet of regeneration
HPRegen 1.02/turn               v - ring of see invisible
MPRegen 0.14/turn               C - ring of willpower

@: wreathed by umbra, studying Long Blades
A: small, no large weapons, nightstalker 3
a: Renounce Religion, Shadow Step


You were on level 12 of the Dungeon.
You worshipped Dithmenos.
Dithmenos was pleased with you.
You visited 2 branches of the dungeon, and saw 13 of its levels.
You also visited: Sewer.

You collected 600 gold pieces.
You spent 216 gold pieces at shops.

Inventory:

Hand Weapons
 a - a +2 dagger
 t - a +3 dagger of venom (weapon)
 B - the +7 falchion of Tenacity {freeze, *Slow rF- rN++ Str+3}
   (You found it on level 7 of the Dungeon)

   It freezes those it strikes, dealing additional cold damage.
   It can also slow down cold-blooded creatures.
   Str:       It affects your strength (+3).
   rF:        It makes you vulnerable to fire.
   rN:        It greatly protects you from negative energy.
   *Slow:     It may slow you when you take damage.
Armour
 b - a +2 robe
 e - a +1 hat (worn)
 p - a +2 robe of fire resistance (worn)
 y - a +0 cloak
 A - a +2 robe of willpower
 F - a +2 cloak of poison resistance (worn)
Jewellery
 k - an amulet of regeneration (around neck)
 v - a ring of see invisible (left hand)
 z - an amulet of guardian spirit
 C - a ring of willpower (right hand)
 J - a ring of ice
 K - a ring of resist corrosion
 L - a +6 ring of intelligence
Wands
 q - a wand of digging (9)
 D - a wand of acid (7)
 N - a wand of polymorph (6)
Scrolls
 c - 2 scrolls of butterflies
 f - 3 scrolls of magic mapping
 h - a scroll of silence
 s - a scroll of amnesia
 x - 2 scrolls of teleportation
 H - 2 scrolls of blinking
 I - a scroll of poison {unknown}
 P - a scroll of fear {unknown}
Potions
 d - 7 potions of flight
 g - 3 potions of cancellation
 i - a potion of degeneration
 j - 2 potions of attraction
 l - a potion of lignification
 m - 3 potions of curing
 n - 2 potions of might
 o - 2 potions of ambrosia
 r - 5 potions of heal wounds
 u - a potion of brilliance
 w - 2 potions of resistance
 E - 2 potions of mutation
 G - a potion of magic
 M - 2 potions of invisibility
 O - a potion of haste


   Skills:
 + Level 8.8 Fighting
 - Level 8.5(11.6) Short Blades
 * Level 8.1(8.9) Long Blades
 + Level 10.6 Dodging
 + Level 12.0 Stealth
 - Level 2.1 Spellcasting
 + Level 9.5 Hexes


You had 4 spell levels left.
You knew the following spells:

 Your Spells              Type           Power      Damage    Failure   Level
a - Ensorcelled Hibernat  Hex/Ice        34%        N/A       4%          2
b - Confusing Touch       Hex            32%        N/A       1%          3
c - Tukima's Dance        Hex            32%        N/A       1%          3
d - Dazzling Flash        Conj/Hex       34%        N/A       9%          3

Your spell library contained the following spells:

 Spells                   Type           Power      Damage    Failure   Level
 Summon Guardian Golem    Hex/Summ       17%        N/A       9%          3
 Apportation              Tloc           2%         N/A       21%         1
 Necrotise                Necr           4%         1d4       21%         1
 Shock                    Conj/Air       4%         1d3       21%         1
 Summon Small Mammal      Summ           4%         N/A       21%         1
 Anguish                  Hex/Necr       8%         N/A       28%         4
 Scorch                   Fire           2%         2d5       30%         2
 Call Canine Familiar     Summ           1%         N/A       52%         3
 Spider Form              Tmut/Pois      1%         N/A       52%         3
 Swiftness                Air            1%         N/A       52%         3
 Airstrike                Air            0%         2d(1-17)  90%         4
 Corpse Rot               Necr/Pois/Air  1%         N/A       90%         4
 Dispel Undead            Necr           1%         3d6       90%         4
 Flame Wave               Conj/Fire      1%         2d4       90%         4
 Alistair's Intoxication  Tmut/Pois      0%         N/A       99%         5
 Summon Forest            Summ/Tloc      0%         N/A       99%         5
 Death Channel            Necr           0%         N/A       100%        6
 Eringya's Noxious Bog    Tmut/Pois      0%         N/A       100%        6
 Summon Cactus Giant      Summ           0%         N/A       100%        6
 Orb of Destruction       Conj           0%         9d5       100%        7
 Spellforged Servitor     Conj/Summ      0%         N/A       100%        7
 Summon Hydra             Summ           0%         N/A       100%        7


Dungeon Overview and Level Annotations

Branches:
Dungeon (12/15)            Temple (1/1) D:6            Lair (0/5) D:11
    Orc (0/2) D:12          Sewer (visited)

Altars:
Ashenzari
Cheibriados
Dithmenos
Elyvilon
Fedhas
Gozag
Hepliaklqana
Kikubaaqudgha
Makhleb
Nemelex Xobeh
Okawaru
Qazlal
Ru
Sif Muna
Trog
Uskayaw
Vehumet
Wu Jian
Xom
Yredelemnul
Zin
The Shining One

Shops:
D:8 **   D:9 (

Annotations:
D:11 exclusions: 3 skeletal warriors and 1 more exclusion


Innate Abilities, Weirdness & Mutations

You are small and have problems with some larger weapons.
You are completely attuned to the shadows.


Message History

The ogre mage looks as sick as possible!
The ogre mage is almost dead.
You kill the ogre mage!
Dithmenos accepts your kill.
Your Long Blades skill increases to level 8!
Your Stealth skill increases to level 12!
Casting: Confusing Touch (safe; 1% risk of failure)
Confirm with . or Enter, or press ? or * to list all spells.
Your hands begin to glow red.
The skeletal warrior hits you with a +0 scimitar!
You hit the skeletal warrior but do no damage.
The skeletal warrior misses you.
You hit the skeletal warrior but do no damage.
You completely miss the skeletal warrior.
The skeletal warrior hits you with a +0 scimitar!
* * * LOW HITPOINT WARNING * * *
You hit the skeletal warrior but do no damage.
You hit the skeletal warrior but do no damage.
The skeletal warrior barely misses you.
You hit the skeletal warrior but do no damage.
You hit the skeletal warrior but do no damage.
The skeletal warrior hits you with a +0 scimitar.
* * * LOW HITPOINT WARNING * * *
You hit the skeletal warrior but do no damage.
You hit the skeletal warrior but do no damage.
The skeletal warrior appears confused.
The skeletal warrior barely misses you.
Things that are here:
a +0 spear; a +0 robe You hit the skeletal warrior.
The skeletal warrior is lightly damaged.
You hit the skeletal warrior but do no damage.
The skeletal warrior is lightly damaged.
The skeletal warrior completely misses you.
You hit the skeletal warrior but do no damage.
The skeletal warrior is lightly damaged.
You hit the skeletal warrior but do no damage.
The skeletal warrior is lightly damaged.
The skeletal warrior hits you with a +0 scimitar!!
You die...

##.......z..o..........
#...##................
####...##...........>....
..........).................
#.######....................
#.##.###...##...............
#.#...##...##...............
#..........z...........(....
#.#...#....@...##...........
#.##.##.....)..##....##.....
#.######.............##.....
#.# #....................
#.# #######'.#.......#.##
#.############.##.#####.#.#
#...#.......##.##.# #.#.#
###...#####.##.##.#####.#.#
#...# #.#.>.#.##......#


You could see a skeletal warrior (confused).

Vanquished Creatures
  An ogre mage (D:12)
  A rakshasa (D:11)
  A two-headed ogre (D:10)
  A manticore (D:11)
  2 cyclopes (D:12)
  2 gargoyles
  2 unseen horrors
  A kobold demonologist (D:11)
  A komodo dragon (D:8)
  A troll (D:12)
  Grinder (D:3)
  A vampire (D:10)
  3 shadows
  21 yaks
  3 vampire mosquitoes (D:10)
  A warg (D:12)
  An acid dragon (D:9)
  4 water moccasins
  Pargi (Sewer)
  A sky beast (D:7)
  4 orc warriors
  An ice beast (D:5)
  5 ogres
  3 centaurs
  A phantom (D:7)
  4 bullfrogs
  A kobold brigand (D:9)
  2 necrophages (D:6)
  2 scorpions
  17 wights
  6 killer bees (D:9)
  2 jellies (D:5)
  5 orc priests
  A gnoll bouda (D:5)
  3 hounds
  4 iguanas
  9 orc wizards
  A hound zombie (D:4)
  Robin (D:3)
  7 gnolls (D:5)
  4 adders
  2 white imps
  4 ufetubi
  An adder zombie (D:4)
  2 worms
  4 dart slugs
  33 orcs
  5 ball pythons
  9 bats
  12 endoplasms
  4 giant cockroaches
  14 goblins
  13 hobgoblins
  21 kobolds
  6 quokkas
  A frilled lizard (D:1)
  5 rats
  A bush (D:10)
270 creatures vanquished.

Vanquished Creatures (collateral kills)
  A vampire (D:10)
1 creature vanquished.

Vanquished Creatures (others)
  A withered plant (D:1)
1 creature vanquished.

Grand Total: 272 creatures vanquished

Notes
Turn   | Place    | Note
-------+----------+-------------------------------------------
     0 | D:1      | samcosmo the Kobold Enchanter began the quest for the Orb.
     0 | D:1      | Reached XP level 1. HP: 10/10 MP: 3/3
   135 | D:1      | Reached XP level 2. HP: 16/16 MP: 5/5
   279 | D:1      | Learned a level 2 spell: Ensorcelled Hibernation
   327 | D:1      | Found a faded altar of an unknown god.
   416 | D:1      | Reached XP level 3. HP: 20/20 MP: 6/6
   431 | D:1      | Reached skill level 1 in Fighting
  1151 | D:2      | Learned a level 3 spell: Confusing Touch
  1376 | D:2      | Reached XP level 4. HP: 25/25 MP: 7/7
  1488 | D:2      | Identified the +4 whip of the Fortifying Coward {pain,
                  | rElec rN+ Dex-3}
  1996 | D:3      | Found a glowing drain.
  2010 | D:3      | Noticed Robin
  2014 | D:3      | Reached XP level 5. HP: 30/30 MP: 8/8
  2046 | D:3      | Killed Robin
  2047 | D:3      | Reached skill level 5 in Stealth
  2119 | Sewer    | Entered a sewer
  2222 | Sewer    | Noticed Pargi
  2228 | Sewer    | Killed Pargi
  2229 | Sewer    | Reached XP level 6. HP: 26/36 MP: 6/9
  2454 | D:3      | Noticed Grinder
  2462 | D:3      | Killed Grinder
  2463 | D:3      | Reached skill level 5 in Hexes
  2463 | D:3      | Reached XP level 7. HP: 40/41 MP: 10/10
  2467 | D:3      | Learned a level 3 spell: Tukima's Dance
  2610 | D:3      | Reached skill level 6 in Stealth
  3013 | D:4      | Reached XP level 8. HP: 39/48 MP: 11/11
  3293 | D:4      | Found a basalt altar of Yredelemnul.
  3361 | D:4      | Found a white marble altar of Elyvilon.
  3610 | D:5      | Entered Level 5 of the Dungeon
  3632 | D:5      | Reached skill level 5 in Short Blades
  3708 | D:5      | Reached skill level 7 in Stealth
  3796 | D:5      | Learned a level 3 spell: Dazzling Flash
  4173 | D:5      | Reached skill level 5 in Fighting
  4398 | D:5      | Reached skill level 8 in Stealth
  4398 | D:5      | Reached XP level 9. HP: 54/54 MP: 12/12
  5061 | D:6      | Found a staircase to the Ecumenical Temple.
  5068 | Temple   | Entered the Ecumenical Temple
  5227 | Temple   | Became a worshipper of Dithmenos the Shadowed
  5781 | D:6      | Reached skill level 5 in Dodging
  6028 | D:7      | Reached skill level 9 in Stealth
  6122 | D:7      | Reached XP level 10. HP: 46/60 MP: 11/13
  6151 | D:7      | Identified the +7 falchion of Tenacity {freeze, *Slow rF-
                  | rN++ Str+3}
  6439 | D:7      | You fall into a shaft and drop 1 floor!
  6633 | D:8      | Found Dederuoq's Specific Store.
  6634 | D:8      | Found Zaraf's General Store.
  6646 | D:8      | Bought a +1 cloak of poison resistance for 216 gold pieces
  7043 | D:8      | Found a shimmering altar of Xom.
  7050 | D:8      | Noticed a komodo dragon
  7054 | D:8      | Killed a komodo dragon
  7074 | D:8      | Reached * piety under Dithmenos
  7238 | D:8      | Found a stormy altar of Qazlal.
  7394 | D:8      | Found an ancient bone altar of Kikubaaqudgha.
  7772 | D:9      | Identified a scroll of acquirement
  7772 | D:9      | Acquired a manual of Long Blades
  7861 | D:9      | Reached skill level 10 in Stealth
  8075 | D:9      | Reached skill level 1 in Long Blades
  8193 | D:9      | Found Vaode's Weapon Shoppe.
  8209 | D:9      | Reached XP level 11. HP: 65/67 MP: 14/14
  8574 | D:10     | Entered Level 10 of the Dungeon
  8710 | D:10     | Noticed a two-headed ogre
  8849 | D:10     | Killed a two-headed ogre
  9153 | D:10     | Reached skill level 5 in Long Blades
  9487 | D:10     | Reached ** piety under Dithmenos
  9488 | D:10     | Reached skill level 11 in Stealth
  9847 | D:11     | Noticed a manticore
  9862 | D:11     | Killed a manticore
  9924 | D:11     | Noticed a skeletal warrior
 10201 | D:11     | Reached skill level 10 in Dodging
 10486 | D:11     | Noticed a rakshasa
 10571 | D:11     | Noticed a skeletal warrior
 10836 | D:11     | Found a staircase to the Lair.
 11082 | D:11     | Killed a rakshasa
 11083 | D:11     | Reached XP level 12. HP: 37/75 MP: 4/15
 11196 | D:11     | Noticed a skeletal warrior
 11450 | D:12     | Found a staircase to the Orcish Mines.
 11894 | D:12     | Noticed a skeletal warrior
 11911 | D:12     | Noticed an ogre mage
 12019 | D:12     | Noticed a skeletal warrior
 12032 | D:12     | Killed an ogre mage
 12033 | D:12     | Reached skill level 12 in Stealth
 12048 | D:12     | Slain by a skeletal warrior

Illustrated notes

Levels and vault maps discovered:
D:1:      minmay_arrival_semitransparent, layout_loops_ring,
          shapermc_ecumenical_altar_gd
D:2:      layout_rooms
D:3:      layout_rooms, gup_sewer_entry_pipe, uniq_robin, uniq_grinder
D:4:      layout_cave_pools, lemuel_zombie_altar_yredelemnul, elyvilon_altar_3,
          item_on_display_a
D:5:      layout_gridville, dk_rats_in_the_wall
D:6:      layout_loops_ring, minmay_temple_entry_gardened_gates
D:7:      layout_basic, minmay_tree_intersection, minmay_checkerbox
D:8:      layout_loops_ring, tgw_kikubaaqudgha,
          mainiacjoe_overflow_catwalk_spiral, nicolae_specific_store,
          grunt_decor_fettered
D:9:      layout_basic, serial_shops, shop_fountains,
          nicolae_elevator_lobby_asterisk
D:10:     layout_irregular_city, kb_lookout_dungeons_type, nzn_life_drinkers
D:11:     layout_stronghold, lair_entry_dummy
D:12:     layout_loops_corners, erik_orc_4, kb_rosetta
Temple:   bh_familiar_temple

Skill      XL: |  1  2  3  4  5  6  7  8  9 10 11 12 |
---------------+-------------------------------------+-----
Short Blades   | 2 3 4 6 7 8 |  8.5
Fighting       | 1 2 3 5 6 7 8 |  8.8
Hexes          | 4 5 6 7 8 9 |  9.5
Stealth        | 5 6 8 9 10 11 12 | 12.0
Dodging        | 5 8 10 | 10.6
Long Blades    | 3 6 8 |  8.1
Spellcasting   | |  2.1

Action                   |  1- 3 |  4- 6 |  7- 9 | 10-12 || total
-------------------------+-------+-------+-------+-------++-------
Melee: Dagger            |    75 |   130 |   240 |   344 ||   789
       Punch             |     1 |       |     3 |    11 ||    15
       Falchion          |       |       |       |   139 ||   139
 Cast: Ensorcelled Hiber |     2 |     9 |     4 |     2 ||    17
       Confusing Touch   |       |       |    14 |    37 ||    51
       Dazzling Flash    |       |       |     1 |     9 ||    10
       Tukima's Dance    |       |       |     2 |     1 ||     3
  Use: Scroll            |       |     3 |    16 |    13 ||    32
       Potion            |       |       |     2 |     1 ||     3
 Stab: Sleeping          |    20 |    21 |    28 |    29 ||    98
       Confused          |       |       |    11 |    36 ||    47
       Invisible         |       |       |    12 |    15 ||    27
       Distracted        |       |       |     1 |     5 ||     6
Armor: Robe              |     3 |    11 |    18 |    38 ||    70
Dodge: Dodged            |    40 |    69 |   117 |   399 ||   625
